 Dungeon Crawl Stone Soup version 0.29-a0-297-g7659ce593d (webtiles) character file.

Game seed: 10361720298033426595

51 kae the Firebug (level 3, -2/20 HPs)
             Began as a Tengu Fire Elementalist on Mar 20, 2022.
             Slain by a worm (9 damage)
             ... on level 2 of the Dungeon.
             The game lasted 00:00:51 (1440 turns).

kae the Firebug (Tengu Fire Elementalist)           Turns: 1440, Time: 00:00:52

Health: -2/20      AC:  2    Str:  8    XL:     3   Next: 83%
Magic:  0/7        EV: 12    Int: 17    God:
Gold:   77         SH:  0    Dex: 14    Spells: 0/6 levels left

rFire   . . .      SeeInvis .   i - +0 short sword
rCold   . . .      Faith    .   (no shield)
rNeg    . . .      Spirit   .   a - +0 robe
rPois   .          Reflect  .   (helmet restricted)
rElec   .          Harm     .   (no cloak)
rCorr   .          Rampage  .   (no gloves)
Will    .....                   (boots unavailable)
Stlth   ++........              (no amulet)
HPRegen 0.06/turn               (no ring)
MPRegen 0.10/turn               (no ring)

@: no status effects
A: beak, talons 3
a: no special abilities


You were on level 2 of the Dungeon.
You visited 1 branch of the dungeon, and saw 2 of its levels.

You collected 77 gold pieces.

Inventory:

Hand Weapons
 i - a +0 short sword (weapon)
Armour
 a - a +0 robe (worn)
Scrolls
 c - 2 scrolls of fear {unknown}
 d - a scroll of torment {unknown}
 e - 3 scrolls of blinking {unknown}
 f - 3 scrolls of identify {unknown}
Potions
 b - a potion of magic
 g - a potion of lignification {unknown}
 h - a potion of curing
 j - 2 potions of cancellation {unknown}
 k - a potion of brilliance {unknown}


   Skills:
 + Level 1.2 Fighting
 - Level 2.1 Dodging
 - Level 2.0 Stealth
 + Level 2.4 Spellcasting
 + Level 2.3 Conjurations
 * Level 4.1 Fire Magic


You couldn't memorise any spells.
You knew the following spells:

 Your Spells              Type           Power      Damage    Failure   Level
a - Foxfire               Conj/Fire      52%        2x1d6     4%          1
b - Scorch                Fire           32%        2d7       4%          2
c - Conjure Flame         Conj/Fire      13%        6-21      14%         3

Your spell library contained the following spells:

 Spells                   Type           Power      Damage    Failure   Level
 Inner Flame              Hex/Fire       9%         N/A       24%         3
 Flame Wave               Conj/Fire      13%        2d6       43%         4


Dungeon Overview and Level Annotations

Branches:
Dungeon (2/15)

Altars:


Innate Abilities, Weirdness & Mutations

You have a beak for a mouth.
You have claws for feet.


Message History

Done exploring.
Done exploring.
You climb downwards.
The worm bites you!
There is a stone staircase leading up here.
Casting: Scorch (safe; 4% risk of failure)
Confirm with . or Enter, or press ? or * to list all spells.
Flames lash the worm.
The worm is lightly wounded.
The worm's fire resistance burns away.
The worm bites you.
* * * LOW HITPOINT WARNING * * *
The worm barely misses you.
Casting: Scorch (safe; 4% risk of failure)
Confirm with . or Enter, or press ? or * to list all spells.
You miscast Scorch.
You are very lightly contaminated with residual magic.
Nothing appears to happen.
Casting: Scorch (safe; 4% risk of failure)
Confirm with . or Enter, or press ? or * to list all spells.
Flames lash the worm.
The worm is burned terribly!
The worm is heavily wounded.
The worm closely misses you.
Casting: Scorch (safe; 4% risk of failure)
Confirm with . or Enter, or press ? or * to list all spells.
You don't have enough magic to cast this spell.
Casting: Scorch (safe; 4% risk of failure)
Confirm with . or Enter, or press ? or * to list all spells.
You don't have enough magic to cast this spell.
Casting: Scorch (safe; 4% risk of failure)
Confirm with . or Enter, or press ? or * to list all spells.
You conjure some foxfire!
The worm is no longer more vulnerable to fire.
Your magical contamination has completely faded away.
The foxfire hits the worm.
The worm is heavily wounded.
The foxfire hits the worm.
The worm is heavily wounded.
Casting: Foxfire (safe; 4% risk of failure)
Confirm with . or Enter, or press ? or * to list all spells.
You conjure some foxfire!
The worm bites you!
You die...

########
##.....v##
##....[.§@##
#.......w.v#
#..........#
#..........#
#....<)....#
#
#..........#
###
##........##
...
.......†..# #
##..........#


You could see a worm (ally target).

Vanquished Creatures
  2 adders (D:2)
  A worm (D:2)
  A dart slug (D:1)
  3 bats
  5 endoplasms
  3 goblins
  4 kobolds (D:2)
  2 quokkas (D:1)
  A ball python (D:1)
  4 frilled lizards
  A rat (D:1)
27 creatures vanquished.

Vanquished Creatures (others)
  110 foxfires
110 creatures vanquished.

Grand Total: 137 creatures vanquished

Notes
Turn   | Place    | Note
-------+----------+-------------------------------------------
     0 | D:1      | kae the Tengu Fire Elementalist began the quest for the
                  | Orb.
     0 | D:1      | Reached XP level 1. HP: 10/10 MP: 4/4
   125 | D:1      | You fall into a shaft and drop 1 floor!
   132 | D:2      | Reached XP level 2. HP: 16/16 MP: 3/6
   482 | D:2      | Reached skill level 1 in Fighting
   482 | D:2      | Reached XP level 3. HP: 5/20 MP: 3/7
   666 | D:1      | Reached skill level 4 in Fire Magic
   990 | D:1      | Found a faded altar of an unknown god.
  1341 | D:1      | Learned a level 2 spell: Scorch
  1366 | D:1      | Learned a level 3 spell: Conjure Flame
  1440 | D:2      | Slain by a worm

Illustrated notes

Levels and vault maps discovered:
D:1:      co_arrival_square_in_a_square_in_a_square, layout_rooms,
          hellmonk_ecumenical_altar_pennies_from_heaven, patterned_corridor
D:2:      layout_rooms, grunt_ministairs_10, uniq_robin

Skill      XL: |  1  2  3 |
---------------+----------+-----
Conjurations   | 2 |  2.3
Fighting       | 1 |  1.2
Fire Magic     | 4 |  4.1
Dodging        | |  2.1
Stealth        | |  2.0
Spellcasting   | |  2.4

Action                   || total
-------------------------++-------
Melee: Short sword       ||     3
       Peck              ||     1
 Cast: Foxfire           ||    63
       Scorch            ||     5
  Use: Potion            ||     2
Armor: Robe              ||     1
Dodge: Dodged            ||    14

Table legend: (Time is in decaauts)
 A = Elapsed time spent in this place.
 B = Non-inter-level travel time spent in this place.
 C = Inter-level travel time spent in this place.
 D = Time resting spent in this place.
 E = Time spent auto-exploring this place.
 F = Levels seen in this place.
 G = Mean time per level.
                   A        B        C        D        E       F      G
               +--------+--------+--------+--------+--------+-----+--------+
         Total |   1444 |   1419 |     25 |      0 |   1190 |   2 |  722.0 |
       Dungeon |   1444 |   1419 |     25 |      0 |   1190 |   2 |  722.0 |
               +--------+--------+--------+--------+--------+-----+--------+

Top non-repeatable levels by time:
     D:1: 954 daAuts
     D:2: 490 daAuts
